[ AOE2 MATCH · #474245708 ]
Team RMCumans vs Poles
[ REPLAY ANALYSIS · EXTRACTED FROM THE RECORDED GAME ]
Feudal
12:35
Castle
25:13
Imperial
37:30
| APM avg | 19.2 |
| APM peak | 57 |
| eAPM avg | 12.0 |
| Villagers / military | 137 / 35 |
Focus
⚔️ 16.6% · 🌾 83.4%
Steppe Lancer ×17 · Scout Cavalry ×15 · Monk ×2 · Knight ×1
Feudal
12:58
Castle
21:37
Imperial
—
| APM avg | 21.7 |
| APM peak | 39 |
| eAPM avg | 14.0 |
| Villagers / military | 56 / 58 |
Focus
⚔️ 30.8% · 🌾 69.2%
Archer ×34 · Militia ×10 · Spearman ×9 · Fishing Ship ×3 · Petard ×3 · Demolition Raft ×1
Feudal
14:55
Castle
—
Imperial
—
| APM avg | 5.3 |
| APM peak | 38 |
| eAPM avg | 4.9 |
| Villagers / military | 21 / 24 |
Focus
⚔️ 25.9% · 🌾 74.1%
Militia ×18 · Spearman ×6
Feudal
12:36
Castle
25:07
Imperial
—
| APM avg | 7.6 |
| APM peak | 21 |
| eAPM avg | 6.0 |
| Villagers / military | 48 / 28 |
Focus
⚔️ 25.9% · 🌾 74.1%
Skirmisher ×13 · Knight ×10 · Scout Cavalry ×4 · Spearman ×1
Match map
Initial resources + every placement click. Lines = walls · curves = elevation contours. ◆ gold · ⬟ stone · ● berries · ✦ relic · ◌ wall gap
Your base· ✓ Closed at 25:13 · 34t walls · 1 gate(s)
Joaka11's base· Open — unwalled flank
Kobe4938's base· Open — unwalled flank
ItZtoXic_shark's base· Open — unwalled flank
Smoothed initial terrain · ◌ = detected wall gap · hover for details
Inputs per minute
— St Alfred - - Joaka11
Build order — St Alfred
First 150 of 276 actions detected
| 0:04 | Create | Villager (Male) |
| 0:04 | Create | Villager (Male) |
| 0:06 | Build | House |
| 0:08 | Build | House |
| 0:28 | Create | Villager (Male) |
| 0:28 | Create | Villager (Male) |
| 0:29 | Create | Villager (Male) |
| 1:34 | Create | Villager (Male) |
| 1:34 | Create | Villager (Male) |
| 2:08 | Create | Villager (Male) |
| 2:09 | Create | Villager (Male) |
| 2:21 | Create | Villager (Male) |
| 2:50 | Research | Loom |
| 2:58 | Create | Villager (Male) |
| 3:09 | Build | Lumber Camp |
| 3:26 | Create | Villager (Male) |
| 3:49 | Build | House |
| 4:06 | Create | Villager (Male) |
| 4:33 | Create | Villager (Male) |
| 5:10 | Create | Villager (Male) |
| 5:28 | Build | Mill |
| 5:32 | Create | Villager (Male) |
| 6:21 | Create | Villager (Male) |
| 6:22 | Create | Villager (Male) |
| 6:23 | Create | Villager (Male) |
| 6:23 | Create | Villager (Male) |
| 6:26 | Create | Villager (Male) |
| 7:05 | Build | Farm |
| 7:06 | Build | Farm |
| 7:08 | Create | Villager (Male) |
| 7:13 | Build | House |
| 7:23 | Build | Farm |
| 8:06 | Build | Farm |
| 8:09 | Create | Villager (Male) |
| 8:34 | Build | Farm |
| 8:35 | Create | Villager (Male) |
| 9:02 | Create | Villager (Male) |
| 9:23 | Build | Farm |
| 9:45 | Create | Villager (Male) |
| 10:04 | Build | House |
| 10:10 | Create | Villager (Male) |
| 10:16 | Build | Farm |
| 10:25 | Research | Feudal Age |
| 10:46 | Build | House |
| 10:50 | Build | Palisade Wall |
| 10:57 | Build | Mill |
| 12:08 | Build | Outpost |
| 12:20 | Build | House |
| 12:24 | Build | Palisade Wall |
| 12:25 | Build | Palisade Wall |
| 12:32 | Create | Villager (Male) |
| 12:35 | Age | Feudal Age |
| 12:50 | Build | Town Center |
| 12:55 | Create | Villager (Male) |
| 13:36 | Create | Villager (Male) |
| 13:38 | Create | Villager (Male) |
| 13:59 | Build | House |
| 14:42 | Build | Outpost |
| 14:46 | Create | Villager (Male) |
| 14:46 | Create | Villager (Male) |
| 14:50 | Create | Villager (Male) |
| 14:50 | Create | Villager (Male) |
| 14:57 | Build | Farm |
| 15:14 | Build | Palisade Wall |
| 15:18 | Create | Villager (Male) |
| 15:19 | Create | Villager (Male) |
| 15:50 | Build | Barracks |
| 15:51 | Create | Villager (Male) |
| 15:52 | Create | Villager (Male) |
| 16:00 | Research | Double-Bit Axe |
| 16:18 | Create | Villager (Male) |
| 16:21 | Build | Farm |
| 16:35 | Build | Palisade Wall |
| 16:41 | Build | Farm |
| 16:42 | Create | Villager (Male) |
| 16:43 | Create | Villager (Male) |
| 16:54 | Create | Villager (Male) |
| 16:54 | Create | Villager (Male) |
| 17:06 | Build | Stable |
| 17:15 | Create | Villager (Male) |
| 17:23 | Build | House |
| 17:49 | Create | Villager (Male) |
| 17:57 | Build | Blacksmith |
| 17:59 | Build | House |
| 18:07 | Build | Palisade Wall |
| 18:09 | Build | House |
| 18:10 | Build | House |
| 18:16 | Build | Farm |
| 18:17 | Create | Villager (Male) |
| 18:17 | Create | Villager (Male) |
| 18:44 | Build | Palisade Wall |
| 18:47 | Create | Villager (Male) |
| 18:48 | Create | Villager (Male) |
| 19:04 | Create | Villager (Male) |
| 19:04 | Create | Villager (Male) |
| 19:10 | Build | Farm |
| 19:11 | Build | Farm |
| 19:17 | Build | Farm |
| 19:21 | Build | Farm |
| 19:26 | Research | Town Watch |
| 19:40 | Build | House |
| 19:43 | Build | Palisade Wall |
| 19:49 | Research | Wheelbarrow |
| 20:06 | Build | House |
| 20:15 | Create | Villager (Male) |
| 20:17 | Create | Villager (Male) |
| 20:33 | Build | Market |
| 20:39 | Build | Farm |
| 20:40 | Build | Farm |
| 20:44 | Create | Villager (Male) |
| 20:52 | Research | Bloodlines |
| 20:54 | Create | Villager (Male) |
| 21:01 | Create | Villager (Male) |
| 21:05 | Build | Mining Camp |
| 21:13 | Build | House |
| 21:16 | Build | House |
| 21:19 | Build | House |
| 21:42 | Create | Villager (Male) |
| 21:44 | Create | Villager (Male) |
| 21:44 | Create | Villager (Male) |
| 21:53 | Research | Gold Mining |
| 21:58 | Create | Villager (Male) |
| 22:05 | Research | Horse Collar |
| 22:29 | Research | Castle Age |
| 22:29 | Research | Castle Age |
| 22:35 | Build | Stable |
| 22:36 | Build | Stable |
| 22:52 | Research | Stone Mining |
| 23:00 | Create | Villager (Male) |
| 23:00 | Create | Villager (Male) |
| 23:35 | Build | Palisade Gate |
| 23:41 | Build | House |
| 23:46 | Research | Bloodlines |
| 23:50 | Research | Scale Barding Armor |
| 23:51 | Research | Forging |
| 23:52 | Create | Villager (Male) |
| 23:53 | Create | Villager (Male) |
| 24:11 | Build | Mining Camp |
| 24:11 | Create | Villager (Male) |
| 24:31 | Build | Farm |
| 24:31 | Build | Farm |
| 24:32 | Build | Farm |
| 24:33 | Build | Farm |
| 24:34 | Build | Farm |
| 24:34 | Build | Farm |
| 24:45 | Create | Villager (Male) |
| 24:46 | Create | Villager (Male) |
| 24:55 | Build | House |
| 24:57 | Build | House |
| 24:59 | Build | House |
Build order — Joaka11
First 150 of 215 actions detected
| 0:29 | Build | House |
| 0:33 | Build | House |
| 0:33 | Create | Villager (Male) |
| 0:33 | Create | Villager (Male) |
| 0:34 | Create | Villager (Male) |
| 0:34 | Create | Villager (Male) |
| 1:57 | Create | Villager (Male) |
| 2:41 | Create | Villager (Male) |
| 3:46 | Create | Villager (Male) |
| 3:46 | Create | Villager (Male) |
| 3:47 | Create | Villager (Male) |
| 4:15 | Create | Villager (Male) |
| 5:11 | Build | House |
| 5:14 | Build | House |
| 5:22 | Build | Mill |
| 5:44 | Create | Villager (Male) |
| 5:45 | Create | Villager (Male) |
| 5:45 | Create | Villager (Male) |
| 6:04 | Create | Villager (Male) |
| 6:10 | Build | House |
| 6:24 | Build | Mill |
| 6:55 | Build | Lumber Camp |
| 7:19 | Create | Villager (Male) |
| 7:56 | Create | Villager (Male) |
| 7:57 | Create | Villager (Male) |
| 7:57 | Create | Villager (Male) |
| 7:57 | Create | Villager (Male) |
| 8:33 | Create | Villager (Male) |
| 9:17 | Create | Villager (Male) |
| 10:48 | Research | Feudal Age |
| 10:49 | Research | Loom |
| 11:08 | Build | House |
| 11:10 | Build | House |
| 11:19 | Build | House |
| 11:22 | Build | House |
| 11:24 | Build | House |
| 11:26 | Create | Villager (Male) |
| 11:27 | Create | Villager (Male) |
| 11:27 | Create | Villager (Male) |
| 11:46 | Build | Mill |
| 12:13 | Build | Dock |
| 12:24 | Build | Dock |
| 12:58 | Age | Feudal Age |
| 13:15 | Build | Mining Camp |
| 13:39 | Research | Double-Bit Axe |
| 13:41 | Research | Horse Collar |
| 13:48 | Build | Barracks |
| 13:52 | Create | Villager (Male) |
| 13:54 | Create | Villager (Male) |
| 14:02 | Build | Blacksmith |
| 14:54 | Build | Market |
| 14:58 | Create | Spearman |
| 15:17 | Build | Farm |
| 15:18 | Build | Farm |
| 15:19 | Build | Farm |
| 15:35 | Create | Villager (Male) |
| 15:35 | Create | Villager (Male) |
| 15:47 | Create | Demolition Raft |
| 15:49 | Create | Fishing Ship |
| 16:13 | Build | Mining Camp |
| 17:16 | Build | Farm |
| 17:18 | Build | Farm |
| 17:20 | Build | Farm |
| 17:20 | Build | Farm |
| 17:20 | Build | Farm |
| 17:21 | Build | Farm |
| 18:09 | Build | Farm |
| 18:09 | Build | Farm |
| 18:10 | Build | Farm |
| 18:10 | Build | Farm |
| 18:27 | Build | Archery Range |
| 18:57 | Research | Castle Age |
| 19:25 | Build | Archery Range |
| 19:52 | Create | Archer |
| 19:53 | Create | Archer |
| 19:53 | Create | Archer |
| 20:00 | Create | Archer |
| 20:01 | Create | Archer |
| 20:12 | Create | Fishing Ship |
| 20:13 | Research | Tech 906 |
| 20:28 | Build | Watch Tower |
| 20:37 | Create | Archer |
| 20:43 | Create | Spearman |
| 20:43 | Create | Spearman |
| 20:50 | Create | Villager (Male) |
| 20:52 | Create | Villager (Male) |
| 20:52 | Create | Villager (Male) |
| 20:55 | Research | Town Watch |
| 20:56 | Research | Wheelbarrow |
| 21:08 | Research | Forging |
| 21:10 | Research | Fletching |
| 21:13 | Research | Wheelbarrow |
| 21:23 | Create | Archer |
| 21:25 | Create | Spearman |
| 21:37 | Age | Castle Age |
| 21:48 | Build | University |
| 21:54 | Create | Villager (Male) |
| 21:54 | Create | Villager (Male) |
| 22:28 | Research | Pikeman (upgrade) |
| 22:48 | Build | Outpost |
| 23:03 | Build | House |
| 23:03 | Build | House |
| 23:04 | Build | House |
| 23:04 | Build | House |
| 23:04 | Build | House |
| 23:05 | Build | House |
| 23:06 | Build | House |
| 23:08 | Build | House |
| 23:29 | Build | Outpost |
| 23:36 | Create | Spearman |
| 23:37 | Create | Spearman |
| 23:37 | Create | Spearman |
| 23:40 | Create | Archer |
| 23:40 | Create | Archer |
| 23:40 | Create | Archer |
| 23:58 | Create | Villager (Male) |
| 23:58 | Create | Villager (Male) |
| 23:59 | Create | Villager (Male) |
| 23:59 | Create | Villager (Male) |
| 24:17 | Build | Outpost |
| 24:21 | Build | House |
| 24:49 | Research | Murder Holes |
| 25:11 | Create | Spearman |
| 25:11 | Create | Spearman |
| 25:27 | Create | Archer |
| 25:27 | Create | Archer |
| 25:27 | Create | Archer |
| 25:28 | Create | Archer |
| 25:47 | Build | Outpost |
| 26:03 | Research | Crossbowman (upgrade) |
| 26:05 | Create | Archer |
| 26:06 | Create | Archer |
| 26:06 | Create | Archer |
| 26:43 | Build | House |
| 26:57 | Build | Castle |
| 28:07 | Research | Town Patrol |
| 28:12 | Build | Town Center |
| 28:17 | Create | Villager (Male) |
| 28:17 | Create | Villager (Male) |
| 28:17 | Create | Villager (Male) |
| 28:18 | Create | Villager (Male) |
| 28:19 | Research | Bow Saw |
| 28:31 | Create | Villager (Male) |
| 28:31 | Create | Villager (Male) |
| 28:32 | Create | Villager (Male) |
| 28:42 | Build | Farm |
| 28:50 | Build | House |
| 28:51 | Build | House |
| 28:53 | Build | House |
| 29:03 | Create | Fishing Ship |
Build order — Kobe4938
85 actions detected in the replay
| 0:11 | Build | House |
| 1:32 | Build | Lumber Camp |
| 2:28 | Create | Villager (Male) |
| 2:28 | Create | Villager (Male) |
| 2:29 | Create | Villager (Male) |
| 2:29 | Create | Villager (Male) |
| 3:16 | Build | House |
| 3:25 | Build | House |
| 3:57 | Create | Villager (Male) |
| 4:45 | Create | Villager (Male) |
| 4:59 | Build | Mill |
| 5:54 | Create | Villager (Male) |
| 6:54 | Build | Mining Camp |
| 8:10 | Create | Villager (Male) |
| 8:10 | Create | Villager (Male) |
| 8:10 | Create | Villager (Male) |
| 8:12 | Create | Villager (Male) |
| 9:12 | Create | Villager (Male) |
| 12:38 | Build | Mill |
| 12:45 | Research | Feudal Age |
| 14:18 | Build | Mining Camp |
| 14:55 | Age | Feudal Age |
| 15:04 | Build | Lumber Camp |
| 16:50 | Create | Villager (Male) |
| 16:53 | Create | Villager (Male) |
| 16:53 | Create | Villager (Male) |
| 17:05 | Build | House |
| 17:18 | Build | House |
| 17:19 | Build | House |
| 17:22 | Build | House |
| 17:23 | Build | House |
| 17:29 | Create | Villager (Male) |
| 18:38 | Build | Mill |
| 19:09 | Create | Villager (Male) |
| 20:59 | Build | Barracks |
| 23:05 | Create | Militia |
| 23:06 | Create | Militia |
| 23:06 | Create | Militia |
| 23:06 | Create | Militia |
| 23:06 | Create | Militia |
| 23:07 | Create | Militia |
| 23:07 | Create | Militia |
| 23:07 | Create | Militia |
| 23:08 | Create | Militia |
| 26:09 | Create | Spearman |
| 26:10 | Create | Spearman |
| 26:10 | Create | Spearman |
| 26:10 | Create | Spearman |
| 26:11 | Create | Spearman |
| 26:11 | Create | Spearman |
| 26:14 | Research | Man-at-Arms (upgrade) |
| 26:39 | Research | Horse Collar |
| 27:02 | Create | Villager (Male) |
| 27:02 | Create | Villager (Male) |
| 27:03 | Create | Villager (Male) |
| 27:03 | Create | Villager (Male) |
| 27:35 | Build | House |
| 27:40 | Build | House |
| 27:41 | Build | House |
| 27:48 | Build | House |
| 27:49 | Build | House |
| 27:52 | Build | House |
| 27:56 | Build | House |
| 27:58 | Build | House |
| 29:30 | Create | Militia |
| 32:59 | Create | Militia |
| 32:59 | Create | Militia |
| 32:59 | Create | Militia |
| 33:00 | Create | Militia |
| 33:00 | Create | Militia |
| 33:00 | Create | Militia |
| 35:43 | Build | Farm |
| 35:44 | Build | Farm |
| 35:44 | Build | Farm |
| 35:47 | Build | Farm |
| 35:49 | Build | Farm |
| 35:51 | Build | Farm |
| 35:54 | Build | Farm |
| 35:56 | Build | Farm |
| 35:57 | Build | Farm |
| 35:58 | Build | Farm |
| 35:59 | Build | Farm |
| 36:00 | Build | Farm |
| 36:50 | Create | Militia |
| 38:02 | Create | Militia |
Build order — ItZtoXic_shark
First 150 of 157 actions detected
| 0:05 | Build | House |
| 0:09 | Build | House |
| 0:11 | Create | Villager (Male) |
| 0:11 | Create | Villager (Male) |
| 0:12 | Create | Villager (Male) |
| 0:42 | Create | Villager (Male) |
| 2:16 | Create | Villager (Male) |
| 2:17 | Create | Villager (Male) |
| 2:57 | Create | Villager (Male) |
| 2:57 | Create | Villager (Male) |
| 2:57 | Create | Villager (Male) |
| 3:55 | Create | Villager (Male) |
| 4:06 | Build | Mill |
| 4:19 | Build | Lumber Camp |
| 4:53 | Create | Villager (Male) |
| 4:53 | Create | Villager (Male) |
| 4:54 | Create | Villager (Male) |
| 5:07 | Build | House |
| 5:09 | Build | House |
| 5:11 | Build | House |
| 5:14 | Build | House |
| 5:18 | Build | House |
| 6:40 | Create | Villager (Male) |
| 6:40 | Create | Villager (Male) |
| 6:40 | Create | Villager (Male) |
| 7:29 | Build | Farm |
| 7:29 | Build | Farm |
| 7:30 | Build | Farm |
| 7:30 | Build | Farm |
| 7:49 | Create | Villager (Male) |
| 7:49 | Create | Villager (Male) |
| 7:49 | Create | Villager (Male) |
| 7:50 | Create | Villager (Male) |
| 8:54 | Build | House |
| 8:56 | Build | House |
| 8:57 | Build | House |
| 10:26 | Research | Feudal Age |
| 10:46 | Build | Mining Camp |
| 11:23 | Build | House |
| 11:38 | Build | Barracks |
| 12:36 | Age | Feudal Age |
| 12:38 | Create | Villager (Male) |
| 12:38 | Create | Villager (Male) |
| 12:38 | Create | Villager (Male) |
| 12:57 | Build | Market |
| 13:28 | Build | Stable |
| 13:36 | Create | Villager (Male) |
| 13:36 | Create | Villager (Male) |
| 13:37 | Create | Villager (Male) |
| 13:37 | Create | Villager (Male) |
| 13:37 | Create | Villager (Male) |
| 13:37 | Create | Villager (Male) |
| 13:49 | Build | Mining Camp |
| 14:30 | Build | Farm |
| 14:31 | Build | Farm |
| 14:31 | Build | Farm |
| 14:31 | Build | Farm |
| 14:31 | Build | Farm |
| 15:22 | Build | Farm |
| 15:22 | Build | Farm |
| 15:22 | Build | Farm |
| 15:32 | Create | Scout Cavalry |
| 15:33 | Create | Scout Cavalry |
| 15:33 | Create | Scout Cavalry |
| 15:34 | Research | Bloodlines |
| 15:39 | Create | Scout Cavalry |
| 15:59 | Create | Spearman |
| 17:17 | Research | Double-Bit Axe |
| 17:21 | Create | Villager (Male) |
| 17:22 | Create | Villager (Male) |
| 17:22 | Create | Villager (Male) |
| 17:22 | Create | Villager (Male) |
| 17:44 | Build | House |
| 17:46 | Build | House |
| 18:11 | Build | Farm |
| 18:11 | Build | Farm |
| 18:12 | Build | Farm |
| 18:12 | Build | Farm |
| 18:12 | Build | Farm |
| 18:12 | Build | Farm |
| 18:13 | Build | Farm |
| 18:14 | Build | Farm |
| 18:46 | Build | Farm |
| 18:46 | Build | Farm |
| 18:47 | Build | Farm |
| 18:47 | Build | Farm |
| 18:47 | Build | Farm |
| 18:47 | Build | Farm |
| 18:48 | Build | Farm |
| 19:30 | Build | Lumber Camp |
| 19:57 | Create | Villager (Male) |
| 19:57 | Create | Villager (Male) |
| 19:57 | Create | Villager (Male) |
| 19:57 | Create | Villager (Male) |
| 19:58 | Create | Villager (Male) |
| 19:58 | Create | Villager (Male) |
| 20:21 | Build | Farm |
| 20:21 | Build | Farm |
| 20:21 | Build | Farm |
| 20:22 | Build | Farm |
| 21:32 | Build | Farm |
| 21:32 | Build | Farm |
| 21:32 | Build | Farm |
| 21:42 | Research | Castle Age |
| 23:21 | Research | Horse Collar |
| 23:48 | Build | Farm |
| 23:49 | Build | Farm |
| 23:49 | Build | Farm |
| 25:07 | Age | Castle Age |
| 25:13 | Build | Castle |
| 25:49 | Build | Castle |
| 26:19 | Build | Castle |
| 26:28 | Create | Villager (Male) |
| 26:28 | Create | Villager (Male) |
| 26:28 | Create | Villager (Male) |
| 26:29 | Create | Villager (Male) |
| 26:29 | Research | Wheelbarrow |
| 26:44 | Create | Knight |
| 26:44 | Create | Knight |
| 26:44 | Create | Knight |
| 26:44 | Create | Knight |
| 26:45 | Create | Knight |
| 26:46 | Research | Husbandry |
| 26:47 | Create | Knight |
| 26:48 | Create | Knight |
| 26:48 | Create | Knight |
| 26:48 | Create | Knight |
| 26:48 | Create | Knight |
| 27:02 | Build | Castle |
| 27:23 | Build | Stone Wall |
| 28:05 | Build | Farm |
| 28:51 | Create | Villager (Male) |
| 28:51 | Create | Villager (Male) |
| 28:52 | Create | Villager (Male) |
| 28:52 | Create | Villager (Male) |
| 28:52 | Create | Villager (Male) |
| 29:23 | Build | Archery Range |
| 29:36 | Build | Farm |
| 29:36 | Build | Farm |
| 30:30 | Build | Castle |
| 30:53 | Create | Skirmisher |
| 30:54 | Create | Skirmisher |
| 30:54 | Create | Skirmisher |
| 30:54 | Create | Skirmisher |
| 30:54 | Create | Skirmisher |
| 30:55 | Create | Skirmisher |
| 30:55 | Create | Skirmisher |
| 30:55 | Create | Skirmisher |
| 30:55 | Create | Skirmisher |
| 30:56 | Create | Skirmisher |
Match timeline
| 10:50 | St Alfred · wall_segment Palisade Wall x5 |
| 11:38 | ItZtoXic_shark · first_building Barracks |
| 12:13 | Joaka11 · first_building Dock |
| 12:24 | St Alfred · wall_segment Palisade Wall x2 |
| 12:25 | St Alfred · wall_segment Palisade Wall x1 |
| 12:35 | St Alfred · age_up feudal |
| 12:36 | ItZtoXic_shark · age_up feudal |
| 12:58 | Joaka11 · age_up feudal |
| 13:28 | ItZtoXic_shark · first_building Stable |
| 13:48 | Joaka11 · first_building Barracks |
| 14:55 | Kobe4938 · age_up feudal |
| 15:14 | St Alfred · wall_segment Palisade Wall x6 |
| 15:50 | St Alfred · first_building Barracks |
| 16:35 | St Alfred · wall_segment Palisade Wall x4 |
| 17:06 | St Alfred · first_building Stable |
| 18:07 | St Alfred · wall_segment Palisade Wall x6 |
| 18:19 | Joaka11 · first_market_sell 100 food |
| 18:21 | Joaka11 · first_market_buy 100 wood |
| 18:27 | Joaka11 · first_building Archery Range |
| 18:44 | St Alfred · wall_segment Palisade Wall x5 |
| 19:43 | St Alfred · wall_segment Palisade Wall x5 |
| 20:59 | Kobe4938 · first_building Barracks |
| 21:37 | Joaka11 · age_up castle |
| 22:16 | St Alfred · first_market_sell 500 food |
| 22:23 | St Alfred · first_market_buy 100 food |
| 25:07 | ItZtoXic_shark · age_up castle |
| 25:13 | St Alfred · age_up castle |
| 25:13 | ItZtoXic_shark · first_building Castle |
| 26:57 | Joaka11 · first_building Castle |
| 27:23 | ItZtoXic_shark · wall_segment Stone Wall x18 |
| 29:00 | St Alfred · first_building Castle |
| 29:23 | ItZtoXic_shark · first_building Archery Range |
| 30:00 | St Alfred · first_building Monastery |
| 30:04 | ItZtoXic_shark · first_market_buy 100 stone |
| 30:16 | ItZtoXic_shark · first_market_sell 100 wood |
| 37:30 | St Alfred · age_up imperial |
| 38:21 | Joaka11 · first_building Siege Workshop |
| 38:34 | ItZtoXic_shark · resign |
[ AI ANALYSIS · 1 CREDIT ]
What really happened in this match?
Wolo.gg analyzes every decision: build order, eco, micro, common mistakes by bracket. Personalized analysis on WhatsApp or Discord in 30 seconds.
Civ guide
Cumans
Map guide
MegaRandom
Perfil
Jugador #81206